 Dungeon Crawl Stone Soup version 0.26-a0-1147-g3780a7a11b (webtiles) character file.

Game seed: 8417928237088453792

716 night the Chiller (level 7, -3/47 HPs)
             Began as a Demonspawn Ice Elementalist on Dec 22, 2020.
             Was a Follower of Makhleb.
             Splashed by an oklob sapling's acid (15 damage)
             ... on level 6 of the Dungeon.
             The game lasted 00:11:33 (6789 turns).

night the Chiller (Demonspawn Ice Elementalist)     Turns: 6789, Time: 00:11:33

Health: -3/47      AC:  0    Str:  8    XL:     7   Next: 41%
Magic:  15/15      EV: 12    Int: 19    God:    Makhleb [*.....]
Gold:   212        SH:  0    Dex: 13    Spells: 10/17 levels left

rFire    . . .     SeeInvis .   v - +1 war axe (elec)
rCold    + . .     Faith    .   (no shield)
rNeg     . . .     Spirit   .   A - -2 robe (curse)
rPois    .         Reflect  .   (no helmet)
rElec    .         Harm     .   (no cloak)
rCorr    .         Rampage  .   (no gloves)
Will     .....                  w - +2 pair of boots
Stlth    +.........             (no amulet)
HPRegen  0.15/turn              x - ring of attention (curse)
MPRegen  0.14/turn              (no ring)

@: corroded
A: claws 1, rugged brown scales 1, cold resistance 1
a: Renounce Religion


You were on level 6 of the Dungeon.
You worshipped Makhleb.
Makhleb was aware of your devotion.
You visited 1 branch of the dungeon, and saw 6 of its levels.

You collected 212 gold pieces.

Inventory:

Hand Weapons
 c - a +0 short sword
 d - a +0 shortbow of flaming
 f - a +2 dagger of draining
 m - a +0 hunting sling
 v - a +1 war axe of electrocution (weapon)
 y - a +0 whip of venom
Missiles
 j - 9 poisoned darts
 k - 41 sling bullets
 l - 150 stones
 o - 57 bolts
 t - 53 arrows
Armour
 a - a +0 robe
 w - a +2 pair of boots (worn)
 A - a cursed -2 robe (worn)
Jewellery
 x - a cursed ring of attention (left claw)
Wands
 s - a wand of iceblast (5)
Scrolls
 e - a scroll of random uselessness
 g - a scroll of amnesia
 h - 3 scrolls of identify
 p - 6 scrolls of teleportation
Potions
 b - a potion of magic {unknown}
 i - 3 potions of curing
 n - a potion of brilliance {unknown}
 r - a potion of degeneration {unknown}
 u - a potion of mutation {unknown}
 z - a potion of invisibility {unknown}
 B - a potion of haste {unknown}


   Skills:
 - Level 1.7 Dodging
 - Level 1.7 Stealth
 + Level 5.6 Spellcasting
 + Level 6.4 Ice Magic


You had 10 spell levels left.
You knew the following spells:

 Your Spells              Type           Power        Failure   Level
a - Freeze                Ice            100%         1%          1
b - Frozen Ramparts       Ice            58%          2%          3
c - Ozocubu's Armour      Ice            29%          2%          3

Your spell library contained the following spells:

 Spells                   Type           Power        Failure   Level
 Hailstorm                Conj/Ice       17%          30%         4
 Summon Ice Beast         Ice/Summ       17%          30%         4


Dungeon Overview and Level Annotations

Branches:
Dungeon (6/15)             Temple (0/1) D:6

Altars:
Hepliaklqana
Makhleb
Nemelex Xobeh
Okawaru
Qazlal
Trog
Wu Jian
Yredelemnul
The Shining One

Annotations:
D:4 2 transporters
D:6 exclusion: oklob sapling


Innate Abilities, Weirdness & Mutations

You have sharp fingernails.
You are partially covered in rugged brown scales. (AC +1, +3% HP)
Your flesh is cold resistant. (rC+)


Message History

The iceblast engulfs the plant!
The plant is lightly damaged.
Evoke which item? (* to show all) (? for menu, Esc to quit)
Aiming: Iceblast
Press: ? - help, Shift-Dir - straight line, f/p - oklob sapling
Aim: an oklob sapling (moderately damaged)
The mass of ice explodes!
The iceblast engulfs the oklob sapling!
The oklob sapling is almost destroyed.
The iceblast engulfs the plant!
The plant is lightly damaged.
The iceblast engulfs the plant!
The plant is lightly damaged.
The iceblast engulfs the plant!
The plant is moderately damaged.
A nearby plant withers and dies. x2
The oklob sapling spits acid at you. The splash of acid hits you!
* * * LOW HITPOINT WARNING * * *
You are splashed with acid!
You die...

..# #### #..# .
#.. ...#. #.# ....
# ##.# ##..#
##..###..###...#
$....))...P...#
##..#...@....## #
#P..P.PP.#
#PPP>.P..#
...P..PP..#
#...PPPP...######.
###P.P..P......!..
########.######
######.# #......#


You could see an oklob sapling.

Vanquished Creatures
  An ogre (D:5)
  A centaur (D:5)
  2 scorpions
  2 hounds
  3 orc wizards
  Natasha (thrice) (D:4)
  2 worker ants (D:4)
  A hound skeleton (D:6)
  4 adders
  2 white imps (D:5)
  An ooze (D:1)
  An adder skeleton (D:5)
  4 worms
  5 dart slugs
  3 leopard geckos
  9 orcs
  A ball python (D:4)
  9 bats
  6 giant cockroaches
  10 goblins
  6 hobgoblins
  4 jackals (D:1)
  2 quokkas (D:2)
  6 frilled lizards
  A jackal skeleton (D:5)
  5 kobolds
  6 rats
100 creatures vanquished.

Vanquished Creatures (others)
  8 plants (D:6)
8 creatures vanquished.

Grand Total: 108 creatures vanquished

Notes
Turn   | Place    | Note
-------+----------+-------------------------------------------
     0 | D:1      | night the Demonspawn Ice Elementalist began the quest for
                  | the Orb.
     0 | D:1      | Reached XP level 1. HP: 13/13 MP: 3/3
   318 | D:1      | Gained mutation: Your flesh is cold resistant. (rC+)
                  | [demonic ancestry]
   318 | D:1      | Reached XP level 2. HP: 12/19 MP: 0/5
   758 | D:1      | Reached skill level 4 in Ice Magic
   784 | D:1      | Reached XP level 3. HP: 6/24 MP: 0/7
  1013 | D:1      | Learned a level 3 spell: Frozen Ramparts
  1017 | D:1      | Learned a level 3 spell: Ozocubu's Armour
  2173 | D:2      | Gained mutation: You are partially covered in rugged brown
                  | scales. (AC +1, +3% HP) [demonic ancestry]
  2173 | D:2      | Reached XP level 4. HP: 15/30 MP: 5/8
  2385 | D:2      | Found a bloodstained altar of Trog.
  2389 | D:2      | Found a hazy altar of Hepliaklqana.
  2392 | D:2      | Found a burning altar of Makhleb.
  2397 | D:2      | Became a worshipper of Makhleb the Destroyer
  2433 | D:2      | Found a stormy altar of Qazlal.
  2557 | D:2      | Found a sparkling altar of Nemelex Xobeh.
  3239 | D:3      | Found an iron altar of Okawaru.
  3441 | D:3      | Found an ornate altar of the Wu Jian Council.
  3712 | D:3      | Found a glowing golden altar of the Shining One.
  3986 | D:3      | Reached XP level 5. HP: 30/36 MP: 10/10
  4398 | D:4      | Found a transporter.
  4425 | D:4      | Noticed Natasha
  4435 | D:4      | Killed Natasha
  4698 | D:4      | Reached skill level 5 in Ice Magic
  4874 | D:4      | Noticed Natasha
  4880 | D:4      | Killed Natasha
  4880 | D:4      | Reached * piety under Makhleb
  4884 | D:4      | Reached XP level 6. HP: 37/42 MP: 6/12
  5006 | D:4      | Found a transporter.
  5025 | D:4      | Noticed Natasha
  5063 | D:4      | Killed Natasha
  5329 | D:5      | Entered Level 5 of the Dungeon
  5356 | D:5      | Reached skill level 5 in Spellcasting
  5563 | D:5      | HP: 6/42 [centaur/arrow (9)]
  5563 | D:5      | HP: 2/42 [centaur/arrow (4)]
  5566 | D:5      | Reached skill level 6 in Ice Magic
  5566 | D:5      | Gained mutation: You have sharp fingernails. [demonic
                  | ancestry]
  5566 | D:5      | Reached XP level 7. HP: 12/47 MP: 10/14
  5579 | D:5      | HP: 4/47 [white imp/puff of frost (5)]
  6068 | D:5      | Found a basalt altar of Yredelemnul.
  6753 | D:6      | Found a staircase to the Ecumenical Temple.
  6784 | D:6      | HP: 4/47 [acid (16)]
  6789 | D:6      | Splashed by an oklob sapling's acid

Illustrated notes

Levels and vault maps discovered:
D:1:      minmay_arrival_checkered_box, layout_loops_corners,
          chequers_arboretum, minmay_tetromino_i4
D:2:      layout_basic, grunt_temple_overflow_diamond, general_overflow_altar,
          nemelex_altar_shiori
D:3:      minmay_chambers_of_threes, layout_basic,
          nicolae_overflow_hidden_temple, nicolae_tso_carved_into_rock,
          okawaru_trees_2
D:4:      gammafunk_steamed_eel, layout_basic, uniq_natasha
D:5:      layout_loops_corners, kennysheep_mini
D:6:      layout_loops_ring, minmay_temple_entry_oklob,
          chequers_serial_rivers_micro_c

Skill      XL: |  1  2  3  4  5  6 |
---------------+-------------------+-----
Ice Magic      | 4 5 6 |  6.4
Spellcasting   | 3 4 5 |  5.6
Dodging        | |  1.7
Stealth        | |  1.7

Action                   |  1- 3 |  4- 6 |  7- 9 || total
-------------------------+-------+-------+-------++-------
Melee: Unarmed           |    13 |       |       ||    13
       Short sword       |    20 |       |       ||    20
       Battleaxe         |    34 |    48 |       ||    82
       War axe           |       |    33 |    18 ||    51
       Dagger            |       |     6 |       ||     6
       Whip              |       |       |     6 ||     6
Throw: Dart              |       |     2 |       ||     2
 Cast: Freeze            |    46 |    18 |       ||    64
       Frozen Ramparts   |       |    11 |     3 ||    14
       Ozocubu's Armour  |       |     2 |     1 ||     3
Evoke: Wand              |       |       |     5 ||     5
  Use: Scroll            |       |     7 |       ||     7
       Potion            |       |     2 |     2 ||     4
 Stab: Sleeping          |     4 |     2 |       ||     6
Armor: Robe              |    24 |    30 |     6 ||    60
Dodge: Dodged            |    63 |    86 |    15 ||   164

Table legend: (Time is in decaauts)
 A = Elapsed time spent in this place.
 B = Non-inter-level travel time spent in this place.
 C = Inter-level travel time spent in this place.
 D = Time resting spent in this place.
 E = Time spent auto-exploring this place.
 F = Levels seen in this place.
 G = Mean time per level.
                   A        B        C        D        E       F      G
               +--------+--------+--------+--------+--------+-----+--------+
         Total |   6865 |   6665 |    200 |   2246 |   3572 |   6 | 1144.2 |
       Dungeon |   6865 |   6665 |    200 |   2246 |   3572 |   6 | 1144.2 |
               +--------+--------+--------+--------+--------+-----+--------+

Top non-repeatable levels by time:
     D:2: 1629 daAuts
     D:3: 1446 daAuts
     D:1: 1362 daAuts
     D:5: 1200 daAuts
     D:4: 955 daAuts
     D:6: 271 daAuts
